PCL
MILE HIGH BRONCOS @ LANSING LUGNUTS
05/28/2023
 
TOP OF THE 1ST
Mile High Broncos batting - Pitching for Lansing Lugnuts : RHP José Torres
Pitching: RHP José Torres
Batting: RHB Michael MacDonald 0-0: Ball
1-0: Ball
2-0: Called Strike
2-1: Foul Ball, location: 2F
2-2: Ball
3-2: Fly out, F8 (Line Drive, 8LS)
Batting: RHB Damian Yates 0-0: Ball
1-0: Ball
2-0: Reached on error, E4 (Groundball, 4M)
Batting: RHB Juan Jose Guevana 0-0: Ball
1-0: SINGLE (Line Drive, 7LS)
Damian Yates to third
Batting: RHB António Martínez 0-0: Called Strike
0-1: Ball
1-1: Ball
2-1: Ball
3-1: Fly out, F7 (Flyball, 7M)
Runner from 3rd tags up, SCORES, throw made
Batting: LHB Diego González 0-0: Ball
1-0: Ball
2-0: Ball
3-0: Called Strike
3-1: Foul Ball, location: 2F
3-2: Strikes out swinging
Top of the 1st over - 1 run(s), 1 hit(s), 1 error(s), 1 left on base; Mile High 1 - Lansing 0
BOTTOM OF THE 1ST
Lansing Lugnuts batting - Pitching for Mile High Broncos : RHP Hokusai Nakashima
Pitching: RHP Hokusai Nakashima
Batting: LHB Damon Mitchell 0-0: Ball
1-0: Ball
2-0: Ball
3-0: Called Strike
3-1: Base on Balls
Batting: RHB Héctor Pinto 0-0: Ball
1-0: Foul Ball, location: 2F
1-1: Ball
2-1: Foul Ball, location: 2F
2-2: Foul Ball, location: 2F
2-2: Strikes out swinging
Batting: LHB Lewis Barr 0-0: Called Strike
0-1: Ball
1-1: Ball
2-1: Ball
3-1: Base on Balls
Damon Mitchell to second
Batting: LHB Iván Salas 0-0: Fly out, F8 (Flyball, 8LM)
Batting: RHB Steve Hathaway 0-0: Ball
1-0: Called Strike
1-1: Ball
2-1: Ball
3-1: Called Strike
3-2: Base on Balls
Damon Mitchell to third
Lewis Barr to second
Batting: LHB Pedro Padilla 0-0: Ball
1-0: Fly out, F4 (Popup, 4MD)
Bottom of the 1st over - 0 run(s), 0 hit(s), 0 error(s), 3 left on base; Mile High 1 - Lansing 0
TOP OF THE 2ND
Mile High Broncos batting - Pitching for Lansing Lugnuts : RHP José Torres
Batting: RHB Phil White 0-0: Ball
1-0: Called Strike
1-1: Foul Ball, location: 2F
1-2: Ball
2-2: Foul Ball, location: 2F
2-2: Foul Ball, location: 2F
2-2: SOLO HOME RUN (Flyball, 7LD), Distance : 392 ft
Batting: RHB José Herrera 0-0: Fly out, F9 (Flyball, 89M)
Batting: SHB Tom Stevens 0-0: Ball
1-0: Swinging Strike
1-1: Fly out, F7 (Flyball, 7S)
Batting: RHB Ximena Campos 0-0: Called Strike
0-1: Swinging Strike
0-2: Ball
1-2: Foul Ball, location: 2F
1-2: Strikes out looking
Top of the 2nd over - 1 run(s), 1 hit(s), 0 error(s), 0 left on base; Mile High 2 - Lansing 0
BOTTOM OF THE 2ND
Lansing Lugnuts batting - Pitching for Mile High Broncos : RHP Hokusai Nakashima
Batting: RHB Yasuoka Tanaka 0-0: Reached on error, E6 (Groundball, 6)
Batting: RHB Tony Reyes 0-0: Ball
1-0: Ball
2-0: Ball
3-0: Base on Balls
Yasuoka Tanaka to second
Batting: RHB Wallace Franklin 0-0: Called Strike
0-1: Foul Ball, location: 2F
0-2: Ball
1-2: Grounds into double play, 5-4-3 (Groundball, 5)
Yasuoka Tanaka to third
Batting: LHB Damon Mitchell 0-0: Foul Ball, location: 2F
0-1: Swinging Strike
0-2: Foul Ball, location: 2F
0-2: Fly out, F6 (Popup, 6MD)
Bottom of the 2nd over - 0 run(s), 0 hit(s), 1 error(s), 1 left on base; Mile High 2 - Lansing 0
TOP OF THE 3RD
Mile High Broncos batting - Pitching for Lansing Lugnuts : RHP José Torres
Batting: RHB Michael MacDonald 0-0: Ball
1-0: Ball
2-0: Called Strike
2-1: Ball
3-1: SINGLE (Groundball, 6MD)
Batting: RHB Damian Yates 0-0: Called Strike
Michael MacDonald is caught stealing 2nd base
0-1: Foul Ball, location: 2F
0-2: Ball
1-2: Ball
2-2: Foul Ball, location: 2F
2-2: DOUBLE (Flyball, 8LXD)
Batting: RHB Juan Jose Guevana 0-0: Called Strike
0-1: Ball
1-1: Foul Ball, location: 2F
1-2: Ball
2-2: Strikes out looking
Batting: RHB António Martínez 0-0: Ball
Wild Pitch!
Damian Yates to third
1-0: Ground out 3-1 (Groundball, 34)
Top of the 3rd over - 0 run(s), 2 hit(s), 0 error(s), 1 left on base; Mile High 2 - Lansing 0
BOTTOM OF THE 3RD
Lansing Lugnuts batting - Pitching for Mile High Broncos : RHP Hokusai Nakashima
Batting: RHB Héctor Pinto 0-0: Ball
1-0: Ground out 4-3 (Groundball, 4M)
Batting: LHB Lewis Barr 0-0: Ball
1-0: Ball
2-0: Ball
3-0: Base on Balls
Batting: LHB Iván Salas 0-0: Called Strike
0-1: Ball
1-1: Foul Ball, location: 2F
1-2: Ball
2-2: Foul Ball, location: 2F
2-2: Ball
3-2: Base on Balls
Lewis Barr to second
Batting: RHB Steve Hathaway 0-0: Ball
1-0: Called Strike
1-1: Ball
2-1: Ball
3-1: Base on Balls
Lewis Barr to third
Iván Salas to second
Batting: LHB Pedro Padilla 0-0: Ball
1-0: Ball
2-0: Foul Ball, location: 2F
2-1: Foul Ball, location: 2F
2-2: Strikes out looking
Batting: RHB Yasuoka Tanaka Balk!
Lewis Barr scores
Iván Salas to third
Steve Hathaway to second
0-0: Called Strike
0-1: Fly out, F7 (Flyball, 7S)
Bottom of the 3rd over - 1 run(s), 0 hit(s), 0 error(s), 2 left on base; Mile High 2 - Lansing 1
TOP OF THE 4TH
Mile High Broncos batting - Pitching for Lansing Lugnuts : RHP José Torres
Batting: LHB Diego González 0-0: Ball
1-0: Ball
2-0: Fly out, F9 (Line Drive, 89XD)
Batting: RHB Phil White 0-0: Ball
1-0: Foul Ball, location: 2F
1-1: Called Strike
1-2: Strikes out looking
Batting: RHB José Herrera 0-0: Ball
1-0: Called Strike
1-1: Swinging Strike
1-2: Strikes out swinging
Top of the 4th over - 0 run(s), 0 hit(s), 0 error(s), 0 left on base; Mile High 2 - Lansing 1
BOTTOM OF THE 4TH
Lansing Lugnuts batting - Pitching for Mile High Broncos : RHP Hokusai Nakashima
Batting: RHB Tony Reyes 0-0: Ball
1-0: Called Strike
1-1: Ground out 6-3 (Groundball, 6)
Batting: RHB Wallace Franklin 0-0: Ball
1-0: Ball
2-0: Ground out 5-3 (Groundball, 5S)
Batting: LHB Damon Mitchell 0-0: Ball
1-0: Foul Ball, location: 2F
1-1: Ball
2-1: Ground out 4-3 (Groundball, 4)
Bottom of the 4th over - 0 run(s), 0 hit(s), 0 error(s), 0 left on base; Mile High 2 - Lansing 1
TOP OF THE 5TH
Mile High Broncos batting - Pitching for Lansing Lugnuts : RHP José Torres
Batting: SHB Tom Stevens 0-0: Called Strike
0-1: Ball
1-1: Ground out 2-3 (Groundball, 2R)
Batting: RHB Ximena Campos 0-0: Foul Ball, location: 2F
0-1: Ball
1-1: Swinging Strike
1-2: Strikes out swinging
Batting: RHB Michael MacDonald 0-0: Called Strike
0-1: Ball
1-1: Swinging Strike
1-2: Strikes out swinging
Top of the 5th over - 0 run(s), 0 hit(s), 0 error(s), 0 left on base; Mile High 2 - Lansing 1
BOTTOM OF THE 5TH
Lansing Lugnuts batting - Pitching for Mile High Broncos : RHP Hokusai Nakashima
Batting: RHB Héctor Pinto 0-0: Ball
1-0: Called Strike
1-1: DOUBLE (Line Drive, 7LM)
Batting: LHB Lewis Barr 0-0: Ball
1-0: Called Strike
1-1: SINGLE (Groundball, 15S) (infield hit)
Héctor Pinto to third
Batting: LHB Iván Salas 0-0: Swinging Strike
0-1: Called Strike
0-2: Strikes out swinging
Batting: RHB Steve Hathaway 0-0: Called Strike
0-1: Ball
1-1: Ball
2-1: Fly out, F7 (Flyball, 78M)
Runner from 3rd tags up, SCORES, no throw
Batting: LHB Pedro Padilla 0-0: Called Strike
0-1: Ground out U3 (Groundball, 3S)
Bottom of the 5th over - 1 run(s), 2 hit(s), 0 error(s), 1 left on base; Mile High 2 - Lansing 2
TOP OF THE 6TH
Mile High Broncos batting - Pitching for Lansing Lugnuts : RHP José Torres
Batting: RHB Damian Yates 0-0: Ball
1-0: Ball
2-0: Fly out, F8 (Flyball, 8RXD)
Batting: RHB Juan Jose Guevana 0-0: Ball
1-0: Hit by Pitch
Batting: RHB António Martínez 0-0: Ball
1-0: Ball
2-0: Ball
3-0: Base on Balls
Juan Jose Guevana to second
Batting: LHB Diego González 0-0: Foul Ball, location: 2F
0-1: Ball
Juan Jose Guevana is caught stealing 3rd base
António Martínez to second
1-1: Foul Ball, location: 2F
1-2: Foul Ball, location: 2F
1-2: Foul Ball, location: 2F
1-2: Foul Ball, location: 2F
1-2: Strikes out swinging
Top of the 6th over - 0 run(s), 0 hit(s), 0 error(s), 1 left on base; Mile High 2 - Lansing 2
BOTTOM OF THE 6TH
Lansing Lugnuts batting - Pitching for Mile High Broncos : RHP Hokusai Nakashima
Batting: RHB Yasuoka Tanaka 0-0: Ball
1-0: Ball
2-0: Ground out 4-3 (Groundball, 4M)
Batting: RHB Tony Reyes 0-0: Ball
1-0: Ball
2-0: Swinging Strike
2-1: Foul Ball, location: 2F
2-2: Ball
3-2: Foul Ball, location: 2F
3-2: Ground out 4-3 (Groundball, 6M)
Batting: RHB Wallace Franklin 0-0: Ball
1-0: Foul Ball, location: 2F
1-1: Ground out 4-3 (Groundball, 4M)
Bottom of the 6th over - 0 run(s), 0 hit(s), 0 error(s), 0 left on base; Mile High 2 - Lansing 2
TOP OF THE 7TH
Mile High Broncos batting - Pitching for Lansing Lugnuts : RHP José Torres
Pitching: RHP Miguel Ramírez
Batting: RHB Phil White 0-0: Called Strike
0-1: Ball
1-1: Foul Ball, location: 2F
1-2: Foul Ball, location: 2F
1-2: Ball
2-2: Strikes out swinging
Pinch Hitting: LHB Bill Houston 0-0: Swinging Strike
0-1: Ball
1-1: SINGLE (Groundball, 34D)
Batting: SHB Tom Stevens 0-0: Called Strike
0-1: Ball
1-1: Fly out, F5 (Popup, 5F)
Batting: RHB Ximena Campos 0-0: Ball
Bill Houston steals 2nd base
1-0: Foul Ball, location: 2F
1-1: Ball
2-1: Called Strike
2-2: Strikes out swinging
Top of the 7th over - 0 run(s), 1 hit(s), 0 error(s), 1 left on base; Mile High 2 - Lansing 2
BOTTOM OF THE 7TH
Lansing Lugnuts batting - Pitching for Mile High Broncos : RHP Hokusai Nakashima
Pitching: LHP Jorge García
Now in LF: Bill Houston
Batting: LHB Damon Mitchell 0-0: Ball
1-0: Ball
2-0: Ball
3-0: Base on Balls
Batting: RHB Héctor Pinto 0-0: Ball
1-0: Ball
2-0: Called Strike
2-1: Foul Ball, location: 2F
2-2: DOUBLE (Flyball, 89D)
Damon Mitchell to third
Batting: LHB Lewis Barr 0-0: Fly out, F7 (Flyball, 7LM)
Runner from 3rd tags up, SCORES, throw made
Batting: LHB Iván Salas 0-0: SINGLE (Groundball, 4MD)
Héctor Pinto to third
Batting: RHB Steve Hathaway 0-0: Swinging Strike
0-1: Ball
1-1: Ball
2-1: Reached on error, E6 (Groundball, 6)
Héctor Pinto scores
Iván Salas to second
Batting: LHB Pedro Padilla 0-0: Ball
1-0: Called Strike
1-1: Foul Ball, location: 2F
1-2: Strikes out swinging
Batting: RHB Yasuoka Tanaka 0-0: Called Strike
0-1: Foul Ball, location: 2F
0-2: Ball
1-2: Ball
2-2: Ball
3-2: DOUBLE (Line Drive, 89XD)
Iván Salas scores
Steve Hathaway to third
Steve Hathaway scores
Pitching: RHP Ramón Soto
Batting: RHB Tony Reyes 0-0: Called Strike
0-1: Ball
1-1: Swinging Strike
1-2: Ball
2-2: Foul Ball, location: 2F
2-2: Ground out 1-3 (Groundball, 15S)
Bottom of the 7th over - 4 run(s), 3 hit(s), 1 error(s), 1 left on base; Mile High 2 - Lansing 6
TOP OF THE 8TH
Mile High Broncos batting - Pitching for Lansing Lugnuts : RHP Miguel Ramírez
Batting: RHB Michael MacDonald 0-0: Ball
1-0: Ball
2-0: Ball
3-0: Base on Balls
Batting: RHB Damian Yates 0-0: Ball
1-0: Foul Ball, location: 2F
1-1: Ball
2-1: Foul Ball, location: 2F
2-2: Foul Ball, location: 2F
2-2: SINGLE (Flyball, 4MD)
Michael MacDonald to second
Runner from 2nd tries for 3rd, SAFE, throw made to third
Pitching: RHP Juan Álvarez
Batting: RHB Juan Jose Guevana 0-0: Ball
1-0: Called Strike
1-1: Foul Ball, location: 2F
1-2: Ball
2-2: Ball
3-2: Fly out, F8 (Flyball, 8LD)
Runner from 3rd tags up, SCORES, no throw
Batting: RHB António Martínez 0-0: Swinging Strike
0-1: Foul Ball, location: 2F
0-2: Strikes out swinging
Batting: LHB Diego González 0-0: Swinging Strike
0-1: SINGLE (Groundball, 4MD)
Damian Yates to second
Runner from 2nd tries for 3rd, SAFE, throw made to third
Batting: RHB Phil White 0-0: Swinging Strike
0-1: Swinging Strike
0-2: Ball
1-2: Ball
2-2: Ball
3-2: Foul Ball, location: 2F
3-2: Strikes out swinging
Top of the 8th over - 1 run(s), 2 hit(s), 0 error(s), 2 left on base; Mile High 3 - Lansing 6
BOTTOM OF THE 8TH
Lansing Lugnuts batting - Pitching for Mile High Broncos : RHP Ramón Soto
Batting: RHB Wallace Franklin 0-0: Foul Ball, location: 2F
0-1: Foul Ball, location: 2F
0-2: Foul Ball, location: 2F
0-2: Ball
1-2: Ball
2-2: Ground out 4-3 (Groundball, 4)
Batting: LHB Damon Mitchell 0-0: Ground out U3 (Groundball, 3S)
Batting: RHB Héctor Pinto 0-0: Ball
1-0: Fly out, F9 (Flyball, 9M)
Bottom of the 8th over - 0 run(s), 0 hit(s), 0 error(s), 0 left on base; Mile High 3 - Lansing 6
TOP OF THE 9TH
Mile High Broncos batting - Pitching for Lansing Lugnuts : RHP Juan Álvarez
Pitching: RHP Bob Newton
Now at C: Gordon Langley
Batting: LHB Bill Houston 0-0: Ball
1-0: Called Strike
1-1: Ball
2-1: Foul Ball, location: 2F
2-2: Foul Ball, location: 2F
2-2: SINGLE (Line Drive, 9S)
Batting: SHB Tom Stevens 0-0: Ball
1-0: Ball
2-0: Ball
3-0: Called Strike
3-1: Called Strike
3-2: Strikes out swinging
Bill Houston is caught stealing 2nd base
Batter strikes out.
Batting: RHB Ximena Campos 0-0: Ball
1-0: Foul Ball, location: 2F
1-1: Foul Ball, location: 2F
1-2: Foul Ball, location: 2F
1-2: Ball
2-2: Ground out 5-3 (Groundball, 5L)
Top of the 9th over - 0 run(s), 1 hit(s), 0 error(s), 0 left on base; Mile High 3 - Lansing 6
This league is powered by Out of the Park Baseball, the baseball management simulation game for PC, Mac and Linux
Wednesday, December 2nd, 2015 - OOTP Baseball 16.8 Build 38